 Dungeon Crawl Stone Soup version 0.21.1-1-g345015fe64 (webtiles) character file.

42 Kohma the Poker (level 3, -1/30 HPs)
             Began as a Minotaur Gladiator on June 9, 2018.
             Was an Initiate of the Shining One.
             Slain by a gnoll
             ... wielding a +0 spear
              (9 damage)
             ... on level 2 of the Dungeon.
             The game lasted 00:06:54 (1513 turns).

Kohma the Poker (Minotaur Gladiator)                Turns: 1513, Time: 00:06:55

Health: -1/30      AC:  4    Str: 19    XL:     3   Next: 35%
Magic:  2/2        EV: 13    Int:  5    God:    the Shining One [......]
Gold:   58         SH:  0    Dex: 11    Spells: 2/2 levels left

rFire    . . .     SeeInvis .   a - +0 trident
rCold    . . .     Gourm    .   (no shield)
rNeg     . . .     Faith    .   b - +0 leather armour
rPois    .         Spirit   .   c - +0 hat
rElec    .         Reflect  .   (no cloak)
rCorr    .         Harm     .   (no gloves)
MR       .....                  o - +0 pair of boots
Stlth    +.........             (no amulet)
HPRegen  0.10/turn              (no ring)
MPRegen  0.08/turn              (no ring)

@: glowing
A: retaliatory headbutt, horns 2
a: Renounce Religion


You were on level 2 of the Dungeon.
You worshipped the Shining One.
The Shining One was noncommittal.
You were hungry.

You visited 1 branch of the dungeon, and saw 3 of its levels.

You collected 58 gold pieces.

Inventory:

Hand Weapons
 a - a +0 trident (weapon)
 m - a +0 spear
Missiles
 d - 2 throwing nets (quivered)
Armour
 b - a +0 leather armour (worn)
 c - a +0 hat (worn)
 o - a +0 pair of boots (worn)
Jewellery
 h - an uncursed ring of fire {unknown}
 k - an uncursed ring of fire {unknown}
 q - an uncursed ring of protection from fire {unknown}
Scrolls
 l - 2 scrolls of remove curse {unknown}
 n - 2 scrolls of amnesia {unknown}
 p - a scroll of teleportation {unknown}
 s - 2 scrolls of immolation {unknown}
 t - a scroll of identify {unknown}
Potions
 e - a potion of flight {unknown}
 g - 2 potions of curing {unknown}
 i - 2 potions of magic {unknown}
 j - a potion of invisibility {unknown}
 u - a potion of heal wounds {unknown}
 v - a potion of haste {unknown}
Comestibles
 f - 2 rations


   Skills:
 + Level 2.9 Fighting
 * Level 4.4 Polearms
 + Level 2.3 Throwing
 + Level 3.8 Dodging


You had 2 spell levels left.
You didn't know any spells.

Dungeon Overview and Level Annotations

Branches:
Dungeon (3/15)

Altars:
The Shining One


Innate Abilities, Weirdness & Mutations

You reflexively headbutt those who attack you in melee.
You have a pair of horns on your head.


Message History

All of the chunks of flesh in your inventory have rotted away.
There is a stone staircase leading up here.
The gnoll hits you with a spear.
You climb upwards.
There is a stone staircase leading down here.
Throwing (i - inventory):
d - 3 throwing nets (quivered)
Press: ? - help, Shift-Dir - straight line, f - gnoll
Aim: a gnoll, wielding a spear You throw a throwing net.
The throwing net barely misses the gnoll.
The gnoll hits you with a spear.
You barely miss the gnoll. The gnoll barely misses you.
You closely miss the gnoll. Your headbutt misses the gnoll.
The gnoll hits you with a spear!
You barely miss the gnoll. The gnoll hits you with a spear.
* * * LOW HITPOINT WARNING * * *
You completely miss the gnoll. You headbutt the gnoll.
The gnoll is heavily wounded.
The gnoll hits you with a spear!
You die...

. #.
#.##+########
#...........#####
+.......(...'.g@#
#...........###.#
#...........# #.#
#...........# #.#
#...........# #.#
##...........#
#.#
.............#
#.#
.............#
#.#
..######+#####
#.#


You could see a gnoll.

Vanquished Creatures
  An adder (D:2)
  A gnoll (D:2)
  2 dart slugs (D:1)
  3 giant cockroaches
  2 hobgoblins (D:1)
  4 bats (D:1)
  A frilled lizard (D:1)
  4 kobolds
  5 rats
23 creatures vanquished.

Notes
Turn   | Place    | Note
-------+----------+-------------------------------------------
     0 | D:1      | Kohma the Minotaur Gladiator began the quest for the Orb.
     0 | D:1      | Reached XP level 1. HP: 18/18 MP: 0/0
   109 | D:1      | Reached XP level 2. HP: 25/25 MP: 1/1
   200 | D:1      | Found a glowing golden altar of the Shining One.
   207 | D:1      | Became a worshipper of the Shining One
   334 | D:1      | Reached skill level 4 in Polearms
  1292 | D:2      | Reached XP level 3. HP: 11/30 MP: 2/2
  1513 | D:2      | Slain by a gnoll

Skill      XL: |  1  2 |
---------------+-------+-----
Polearms       | 4 |  4.4
Fighting       | |  2.9
Throwing       | |  2.3
Dodging        | |  3.8

Action                   || total
-------------------------++-------
Melee: Trident           ||    47
       Headbutt          ||     7
Throw: Throwing net      ||     2
  Eat: Chunk             ||     1
Armor: Leather armour    ||    17
Dodge: Dodged            ||    35
